 Dungeon Crawl Stone Soup version 0.17.1-3-g152610e (webtiles) character file.

5288 kaze the Shield-Bearer (level 10, -7/114 HPs)
             Began as a Demonspawn Berserker on Apr 9, 2016.
             Was a High Priest of Trog.
             Mangled by Grum
             ... wielding a -1 halberd
              (11 damage)
             ... on level 9 of the Dungeon.
             The game lasted 00:22:52 (8153 turns).

kaze the Shield-Bearer (Demonspawn Berserker)       Turns: 8153, Time: 00:22:52

Health: -7/114     AC: 25    Str: 29    XL:     10   Next: 37%
Magic:  10/10      EV:  2    Int:  9    God:    Trog [*****.]
Gold:   150        SH: 17    Dex: 13    Spells: 0 memorised, 9 levels left

rFire  . . .     SeeInvis .     b - +6 flail
rCold  . . .     Clarity  .     (armour currently unavailable)
rNeg   + + +     SustAt   .     A - +0 large shield
rPois  +         Gourm    .     (helmet currently unavailable)
rElec  .         Spirit   .     (cloak currently unavailable)
rCorr  .         Warding  .     (gloves currently unavailable)
rMut   .         NoTele   +     (boots currently unavailable)
MR     ++...                    (no amulet)
Stlth  +++.......               y - +4 ring of strength
                                E - +5 ring of strength

@: exhausted, tree-form, regenerating, slowed, very slow, very resistant to
hostile enchantments, fairly stealthy
A: (hooves 0), (icy blue scales 0), nightstalker 1, (spiny 0)
a: Berserk, Trog's Hand, Brothers in Arms, Burn Spellbooks, Renounce Religion


You were on level 9 of the Dungeon.
You worshipped Trog.
Trog was extremely pleased with you.
You were not hungry.
You were a tree.
You visited 1 branch of the dungeon, and saw 9 of its levels.
You also visited: Sewer.

You collected 505 gold pieces.
You spent 355 gold pieces at shops.

Inventory:

Hand Weapons
 b - a +6 flail (weapon)
 q - the +2 falchion of the Shark {speed, MR+ Str+4}
   (You found it on level 4 of the Dungeon)

   Attacks with this weapon are significantly faster.
   It affects your strength (+4).
   It affects your resistance to hostile enchantments.
Missiles
 e - 13 tomahawks (quivered)
Armour
 a - the +3 scale mail of the Planets (melded) {rC+ MR+ Dex-5 SInv}
   (You bought it in a shop on level 7 of the Dungeon)

   It affects your dexterity (-5).
   It protects you from cold.
   It affects your resistance to hostile enchantments.
   It lets you see invisible.
 A - a +0 large shield (worn)
 B - a +0 plate armour
 D - a +0 cloak (melded)
Jewellery
 d - a +4 ring of protection
 l - a +3 ring of slaying
 m - an uncursed ring of protection from cold
 o - an uncursed ring of fire
 r - an uncursed ring of positive energy
 s - a +3 ring of evasion
 y - a +4 ring of strength (right branch)
 E - a +5 ring of strength (left branch)
Wands
 k - a wand of teleportation (3)
 p - a wand of teleportation (3)
Scrolls
 f - 3 scrolls of identify
 n - 4 scrolls of teleportation
 t - 3 scrolls of remove curse
 x - 2 scrolls of fear
 F - a scroll of fog {unknown}
Potions
 g - a potion of magic
 h - a potion of haste
 i - 6 potions of curing
 j - a potion of lignification
 u - 2 potions of brilliance
 v - a potion of might
 z - a potion of berserk rage
 C - a potion of cancellation {unknown}
Comestibles
 c - 3 bread rations
 w - a meat ration


   Skills:
 + Level 6.1 Fighting
 + Level 5.0 Long Blades
 + Level 4.7 Maces & Flails
 + Level 6.4 Armour
 + Level 6.5 Dodging
 + Level 1.3 Stealth
 + Level 7.1 Shields


You had 9 spell levels left.
You didn't know any spells.

Dungeon Overview and Level Annotations

Branches:
Dungeon (9/15)             Temple (0/1) D:5
   Lair: D:8-11         Orc: D:9-12

Altars:
Cheibriados
Kikubaaqudgha
Okawaru
Qazlal

Shops:
D:7 *([?%   D:8 %

Annotations:
D:9 Grum


Innate Abilities, Weirdness & Mutations

((You have large cloven feet.))
((You are mostly covered in icy blue scales (AC +3, EV -1).))
You are slightly more attuned to the shadows.
((You are partially covered in sharp spines.))


Message History

You feel resistant to hostile enchantments.
You feel slightly more hungry. Grum closely misses you.
The troll is struck by your spines. The troll barely misses you.
The troll claws you.
* * * LOW HITPOINT WARNING * * *
The troll claws you but does no damage.
The gargoyle hurls a stone arrow at you.
You block the stone arrow.
Drink which item? (? for menu, Esc to quit)
You turn into a tree.
Your +0 cloak melds into your body.
The +3 scale mail of the Planets {rC+ MR+ Dex-5 SInv} melds into your body.
Your roots penetrate the ground.
You block Grum's attack. You block the troll's attack.
The troll claws you but does no damage. You block the troll's attack.
The gargoyle hurls a stone arrow at you.
The stone arrow hits you! The troll bites you but does no damage.
The troll claws you but does no damage. The troll claws you.
* * * LOW HITPOINT WARNING * * *
Grum hits you from afar with a halberd!
You die...

.............
.............
.............
......%......
......%......
.....†)†.....
####### #g......
#.....####9......
#........♣T......
#................
.##................
......#............
................#..
................##.
................#
................
#...............


You could see Grum, a troll and a gargoyle.

Vanquished Creatures
  The ghost of Stendarr the Firebug, a novice TrFE of Sif Muna (D:8)
  A hill giant (D:9)
  The ghost of ThereIsNoGod the Covert, an amateur SpAs of Gozag (D:4)
  A hippogriff (D:6)
  4 wolves (D:9)
  A water moccasin (D:7)
  2 orc warriors (D:7)
  2 sky beasts (D:8)
  2 phantoms
  An ice beast (D:7)
  2 centaurs
  2 ogres
  The ghost of kaze the Skirmisher, an amateur DsBe of Trog (D:3)
  A crocodile (Sewer)
  4 giant frogs
  5 wights (D:9)
  2 scorpions (D:5)
  2 killer bees (D:9)
  A giant frog zombie (D:5)
  2 centaur zombies
  A jelly (D:9)
  4 crimson imps
  5 orc priests
  2 giant frog skeletons (D:8)
  11 orc wizards
  3 hounds
  13 worker ants
  3 iguanas
  A killer bee zombie (D:6)
  A hound zombie (D:7)
  3 gnolls (D:5)
  8 adders
  A shadow imp (D:6)
  A river rat (D:5)
  An ooze (D:7)
  An adder skeleton (D:4)
  2 worms
  3 giant geckos
  50 orcs
  6 hobgoblins
  6 kobolds
  3 quokkas
  3 ball pythons
  10 bats
  9 giant cockroaches
  3 giant newts
  10 goblins
  A quokka skeleton (D:6)
  A quokka zombie (D:3)
  3 rats
207 creatures vanquished.

Notes
Turn   | Place    | Note
--------------------------------------------------------------
     0 | D:1      | kaze the Demonspawn Berserker began the quest for the Orb.
     0 | D:1      | Reached XP level 1. HP: 18/18 MP: 1/1
   277 | D:1      | Gained mutation: You have large cloven feet. [demonic ancestry]
   277 | D:1      | Reached XP level 2. HP: 21/24 MP: 2/2
   790 | D:2      | Gained mutation: You are partially covered in icy blue scales (AC +1). [demonic ancestry]
   790 | D:2      | Reached XP level 3. HP: 14/29 MP: 3/3
   805 | D:2      | Reached ** piety under Trog
  1361 | D:2      | You fall through a shaft!
  1376 | D:3      | Reached XP level 4. HP: 35/35 MP: 4/4
  1384 | D:3      | Reached skill level 1 in Shields
  1469 | D:3      | Noticed kaze's ghost (amateur DsBe)
  1478 | D:3      | Killed kaze's ghost
  1478 | D:3      | Gained mutation: You are partially covered in sharp spines. [demonic ancestry]
  1478 | D:3      | Reached XP level 5. HP: 42/42 MP: 5/5
  1663 | D:3      | Found a stormy altar of Qazlal.
  2066 | D:3      | Reached XP level 6. HP: 48/48 MP: 6/6
  2119 | D:3      | Reached *** piety under Trog
  2272 | D:4      | Noticed ThereIsNoGod's ghost (amateur SpAs)
  2282 | D:4      | Killed ThereIsNoGod's ghost
  2282 | D:4      | Reached skill level 4 in Fighting
  2509 | D:4      | Got a bloodstained falchion
  2510 | D:4      | Identified the +2 falchion of the Shark {speed, MR+ Str+4} (You found it on level 4 of the Dungeon)
  2631 | D:4      | Reached XP level 7. HP: 48/54 MP: 7/7
  3623 | D:5      | Entered Level 5 of the Dungeon
  3669 | D:5      | Reached skill level 1 in Long Blades
  3725 | D:5      | Reached **** piety under Trog
  3762 | D:5      | Reached skill level 5 in Dodging
  3762 | D:5      | Gained mutation: You are mostly covered in icy blue scales (AC +3, EV -1). [demonic ancestry]
  3762 | D:5      | Reached XP level 8. HP: 41/61 MP: 8/8
  3978 | D:5      | Found a glowing drain.
  3982 | Sewer    | Entered a sewer
  4146 | D:5      | Found a staircase to the Ecumenical Temple.
  4163 | D:5      | Found a snail-covered altar of Cheibriados.
  4406 | D:5      | Reached skill level 1 in Stealth
  4429 | D:5      | Found an ancient bone altar of Kikubaaqudgha.
  4729 | D:6      | Reached skill level 5 in Fighting
  5007 | D:6      | Reached ***** piety under Trog
  5214 | D:6      | Gained mutation: You are slightly more attuned to the shadows. [demonic ancestry]
  5214 | D:6      | Reached XP level 9. HP: 66/68 MP: 9/9
  5509 | D:7      | Found an iron altar of Okawaru.
  5624 | D:7      | Found Qid Baw Jei's Food Emporium.
  5687 | D:7      | Found Gypig's Antique Weapon Emporium.
  5811 | D:7      | Found Libliucw's Assorted Antiques.
  5850 | D:7      | Found Cohuj's Armour Shop.
  5855 | D:7      | Bought the +3 scale mail of the Planets {rC+ MR+ Dex-5 SInv} for 355 gold pieces
  5897 | D:7      | Reached skill level 5 in Shields
  5926 | D:7      | Reached skill level 5 in Armour
  6841 | D:7      | Found Ublikirr's Magic Scroll Emporium.
  7140 | D:8      | Noticed Stendarr's ghost (novice TrFE)
  7153 | D:8      | Killed Stendarr's ghost
  7153 | D:8      | Reached skill level 5 in Long Blades
  7153 | D:8      | Reached skill level 6 in Dodging
  7160 | D:8      | Found Ivuufeudax's Food Shop.
  7559 | D:8      | Reached XP level 10. HP: 70/76 MP: 10/10
  8130 | D:9      | Noticed a hill giant
  8131 | D:9      | Noticed Grum
  8141 | D:9      | Killed a hill giant
  8141 | D:9      | Reached skill level 7 in Shields
  8152 | D:9      | HP: 2/76 [troll (3)]
  8153 | D:9      | Mangled by Grum

Action                   |  1- 3 |  4- 6 |  7- 9 | 10-12 || total
-------------------------+-------+-------+-------+-------++-------
Melee: Mace              |   142 |    75 |       |       ||   217
       Falchion          |       |    33 |   407 |       ||   440
       Flail             |       |       |    63 |    53 ||   116
Invok: Berserk           |     1 |     2 |     1 |     2 ||     6
       Trog's Hand       |       |     1 |     1 |     1 ||     3
  Use: Scroll            |     1 |       |    16 |       ||    17
       Potion            |       |       |    10 |     1 ||    11
  Eat: Chunk             |     1 |     1 |     2 |       ||     4
       Fruit             |     1 |       |     2 |       ||     3
       Bread ration      |       |     1 |     2 |     1 ||     4
       Pizza             |       |     1 |       |       ||     1
       Beef jerky        |       |       |     1 |       ||     1
       Meat ration       |       |       |     1 |       ||     1
